 Dungeon Crawl Stone Soup version 0.27.0-1-g7a089689b8 (webtiles) character file.

Game seed: 14765369271680803232

354 sasquatch the Basher (level 6, -4/51 HPs)
             Began as a Minotaur Fighter on July 31, 2021.
             Was a Follower of Makhleb.
             Slain by an ogre (22 damage)
             ... on level 4 of the Dungeon.
             The game lasted 00:05:44 (3366 turns).

sasquatch the Basher (Minotaur Fighter)             Turns: 3366, Time: 00:05:44

Health: -4/51      AC:  8    Str: 23    XL:     6   Next: 35%
Magic:  5/5        EV:  9    Int:  5    God:    Makhleb [*.....]
Gold:   126        SH:  0    Dex:  9    Spells: 5/5 levels left

rFire    . . .     SeeInvis .   a - +0 flail
rCold    . . .     Faith    .   (no shield)
rNeg     . . .     Spirit   .   r - +0 scale mail
rPois    .         Reflect  .   (helmet restricted)
rElec    .         Harm     .   (no cloak)
rCorr    .         Rampage  .   (no gloves)
Will     .....                  i - +0 pair of boots
Stlth    ..........             (no amulet)
HPRegen  0.17/turn              (no ring)
MPRegen  0.09/turn              (no ring)

@: no status effects
A: horns 2, retaliatory headbutt
a: Renounce Religion


You were on level 4 of the Dungeon.
You worshipped Makhleb.
Makhleb was aware of your devotion.
You visited 1 branch of the dungeon, and saw 4 of its levels.

You collected 126 gold pieces.

Inventory:

Hand Weapons
 a - a +0 flail (weapon)
 n - a +0 spear
Armour
 c - a +0 kite shield
 i - a +0 pair of boots (worn)
 r - a +0 scale mail (worn)
Wands
 q - a wand of iceblast (8)
Scrolls
 k - a scroll of identify {unknown}
 m - a scroll of acquirement {unknown}
 o - a scroll of teleportation {unknown}
 p - 2 scrolls of blinking {unknown}
Potions
 b - 2 potions of mutation {unknown}
 d - a potion of might
 e - a potion of degeneration {unknown}
 f - a potion of lignification {unknown}
 g - 2 potions of flight {unknown}
 h - a potion of curing {unknown}
 j - a potion of brilliance {unknown}
 l - a potion of ambrosia {unknown}


   Skills:
 - Level 3.6 Fighting
 * Level 8.2 Maces & Flails
 - Level 3.6 Armour
 - Level 3.6 Shields


You had 5 spell levels left.
You didn't know any spells.
Your spell library contained the following spells:

 Spells                   Type           Power      Damage    Failure   Level
 Animate Skeleton         Necr           0%         N/A       78%         1
 Apportation              Tloc           0%         N/A       78%         1
 Corona                   Hex            0%         N/A       78%         1
 Summon Small Mammal      Summ           0%         N/A       78%         1
 Passwall                 Tmut/Erth      0%         N/A       89%         2
 Call Canine Familiar     Summ           0%         N/A       98%         3
 Portal Projectile        Hex/Tloc       0%         N/A       98%         3
 Summon Guardian Golem    Hex/Summ       0%         N/A       98%         3
 Swiftness                Air            0%         N/A       98%         3
 Leda's Liquefaction      Hex/Erth       0%         N/A       100%        4
 Summon Lightning Spire   Summ/Air       0%         N/A       100%        4
 Invisibility             Hex            0%         N/A       100%        6
 Orb of Destruction       Conj           0%         N/A       100%        7
 Spellforged Servitor     Conj/Summ      0%         N/A       100%        7
 Storm Form               Tmut/Air       0%         N/A       100%        7
 Maxwell's Capacitive Co  Air            0%         ∞         100%        8


Dungeon Overview and Level Annotations

Branches:
Dungeon (4/15)
 Temple: D:4-7

Altars:
Makhleb
Xom

Annotations:
D:4 Eustachio, Grinder


Innate Abilities, Weirdness & Mutations

You have a pair of horns on your head.
You reflexively headbutt those who attack you in melee.


Message History

You feel better.
You feel sick.
The kobold shoots a bolt.
The bolt hits you.
You hit the kobold but do no damage. You headbutt the kobold.
The kobold is severely wounded.
You feel sick.
You sock the kobold!
You kill the kobold!
Makhleb accepts your kill.
You feel sick.
You feel sick.
The kobold shoots a bolt.
The bolt hits you but does no damage.
You see here a +0 whip.
You feel sick.
You are no longer poisoned.
The kobold shoots a bolt.
The bolt hits you.
The kobold unwields a +0 hand crossbow.
The kobold wields a +0 short sword.
The kobold misses you.
You sock the kobold!
You kill the kobold!
Makhleb accepts your kill.
Things that are here:
a +0 short sword; a +0 hand crossbow; 21 bolts You start resting.
HP restored.
An ogre comes into view. It is wielding a +0 giant club.
The ogre shouts!
You hear a shout!
You see here 19 gold pieces.
You now have 126 gold pieces (gained 19).
You barely miss the ogre. You headbutt the ogre.
The ogre is moderately wounded.
The ogre hits you with a +0 giant club!
A ball python comes into view.
You barely miss the ogre.
The ogre is moderately wounded.
The ball python hisses angrily.
The ogre hits you with a +0 giant club!!
Ouch! That really hurt!
Grinder comes into view.
You sock the ogre!
The ogre is heavily wounded.
The ogre hits you with a +0 giant club!!
You die...

.... .... .... #..##
...S. ..... .....##....#
#... ....#..#.## ##....
.....#..## ##.....
#O...#..#####......
#@................
#..#####...#.....)
#..#####..........
#.................
#........####.....
##........)))......
#.####.........###......
#..............# #......
#..###.........# #......


You could see an ogre and a ball python.

Vanquished Creatures
  An ogre (D:3)
  A phantom (D:4)
  An iguana (D:4)
  A hound skeleton (D:4)
  4 gnolls (D:3)
  5 adders
  A worm (D:2)
  2 dart slugs
  5 orcs (D:4)
  7 ball pythons
  5 bats
  8 endoplasms
  4 goblins
  2 hobgoblins (D:3)
  5 jackals
  A quokka (D:2)
  2 frilled lizards (D:2)
  4 kobolds
  7 rats
66 creatures vanquished.

Notes
Turn   | Place    | Note
-------+----------+-------------------------------------------
     0 | D:1      | sasquatch the Minotaur Fighter began the quest for the Orb.
     0 | D:1      | Reached XP level 1. HP: 19/19 MP: 0/0
    68 | D:1      | Found a shimmering altar of Xom.
   227 | D:1      | Reached skill level 3 in Maces & Flails
   238 | D:1      | Reached XP level 2. HP: 19/26 MP: 1/1
   731 | D:2      | Reached skill level 4 in Maces & Flails
   783 | D:2      | Found a burning altar of Makhleb.
   826 | D:2      | Became a worshipper of Makhleb the Destroyer
   938 | D:2      | Reached XP level 3. HP: 31/31 MP: 2/2
  1526 | D:3      | Reached skill level 5 in Maces & Flails
  1647 | D:3      | Reached XP level 4. HP: 27/39 MP: 3/3
  1942 | D:3      | Reached skill level 6 in Maces & Flails
  2425 | D:3      | Found a faded altar of an unknown god.
  2664 | D:4      | Noticed an ogre
  2757 | D:4      | Noticed Eustachio
  2840 | D:3      | Killed an ogre
  2840 | D:3      | Reached * piety under Makhleb
  2841 | D:3      | Reached skill level 7 in Maces & Flails
  2841 | D:3      | Reached XP level 5. HP: 24/45 MP: 4/4
  2996 | D:4      | Noticed a phantom
  3012 | D:4      | Killed a phantom
  3013 | D:4      | Reached XP level 6. HP: 48/51 MP: 5/5
  3058 | D:4      | Reached skill level 8 in Maces & Flails
  3365 | D:4      | Noticed Grinder
  3366 | D:4      | Slain by an ogre

Illustrated notes

Levels and vault maps discovered:
D:1:      dpeg_arrival_simpleton_b, layout_loops_ring, kennysheep_flooded_box
D:2:      layout_basic, basic_altar, kennysheep_generic_room_4
D:3:      layout_basic, hellmonk_ecumenical_altar_arch_garden
D:4:      layout_rooms, regret_index_temple_of_mockery,
          mainiacjoe_overflow_24_doors, uniq_grinder, uniq_eustachio

Skill      XL: |  1  2  3  4  5  6 |
---------------+-------------------+-----
Maces & Flails | 3 4 5 7 8 |  8.2
Fighting       | |  3.6
Armour         | |  3.6
Shields        | |  3.6

Action                   |  1- 3 |  4- 6 || total
-------------------------+-------+-------++-------
Melee: Flail             |    80 |    83 ||   163
       Headbutt          |    11 |    12 ||    23
Armor: Scale mail        |    39 |    13 ||    52
       Skin              |       |     1 ||     1
Dodge: Dodged            |    46 |    32 ||    78
